[Event "Late-Titled-Tuesday-Blitz-May-14-2024"]
[Site "Chess.com"]
[Date "2024.05.14"]
[Round "3"]
[White "Oleg_Papayan"]
[Black "Eliwood44"]
[Result "1/2-1/2"]
[WhiteElo "2626"]
[BlackElo "2451"]
[TimeControl "180+1"]
[EndTime "14:27:06 PDT"]
[Termination "Game drawn by repetition"]

1. e4 e5 2. Nf3 Nc6 3. Bb5 Nf6 4.
O-O Nxe4 5. Re1 Nd6 6. Nxe5 Be7 7. Bf1 O-O 8. d4 Nf5 9. Nxc6 dxc6 10. c3 c5 11.
dxc5 Qxd1 12. Rxd1 Bxc5 13. Bf4 Bd6 14. Bxd6 Nxd6 15.
Na3 Be6 16. Nb5 Nxb5 17. Bxb5 Rad8 18. b3 a6 19. Be2 Bd5 20. f3 f6 21. Kf2 Kf7 22. Rxd5 Rxd5 23. Bc4 Rd8 24. Rd1 Ke6 25. Ke3 b5 26. Bxd5+ Rxd5 27. Rf1 c5 28. c4 bxc4 29. bxc4 Rd4 30. Rb1 Rxc4 31. Rb6+ Kf5 32. Rxa6 Rc2 33.
g4+ Kg6 34. h4 h5 35. a4 Rc3+ 36. Kf4 Rc4+ 37. Kg3 hxg4 38. fxg4 Rc3+ 39. Kf4 Rc4+ 40. Kf3 Rc3+ 41. Kf4 Rc4+ 42. Kg3 Rc3+ 43. Kf4 1/2-1/2

[Event "Late-Titled-Tuesday-Blitz-May-14-2024"]
[Site "Chess.com"]
[Date "2024.05.14"]
[Round "3"]
[White "SRob2003"]
[Black "dropstoneDP"]
[Result "0-1"]
[WhiteElo "2681"]
[BlackElo "2954"]
[TimeControl "180+1"]
[EndTime "14:27:07 PDT"]
[Termination "dropstoneDP won by checkmate"]

1. e4 e5 2. Nf3 Nf6 3. Nxe5 d6 4. Nf3 Nxe4 5. d4 d5 6. Bd3 Bd6 7. O-O O-O 8. c4 c6 9. Nc3 Nxc3 10. bxc3 dxc4 11.
Bxc4 Bg4 12. h3 Bh5 13. Re1 Nd7 14. Be3 b5 15. Be2 Nb6 16. Nd2 Bxe2 17. Qxe2 Qd7 18.
c4 bxc4 19. Nxc4 Rfe8 20. Nxb6 axb6 21. Rec1 Bf4 22. Qf3 Bxe3 23. fxe3 Re6 24. Rc3 Rae8 25. Rac1 c5 26. dxc5 bxc5 27. Rxc5 Rxe3 28. Qc6 Qd4 29. Qc7 Rxh3+ 30. Kf1 Rh1# 0-1

[Event "Late-Titled-Tuesday-Blitz-May-14-2024"]
[Site "Chess.com"]
[Date "2024.05.14"]
[Round "3"]
[White "Rsnr"]
[Black "ozates"]
[Result "1-0"]
[WhiteElo "2899"]
[BlackElo "2658"]
[TimeControl "180+1"]
[EndTime "14:27:07 PDT"]
[Termination "Rsnr won by resignation"]

1. d4 Nf6 2. c4 e6 3. Nc3 d5 4. cxd5 Nxd5 5. e4 Nxc3 6. bxc3 c5 7. Nf3 cxd4 8. cxd4 Bb4+ 9. Bd2 Bxd2+ 10. Qxd2 O-O 11.
Bc4 Nd7 12. O-O b6 13. Rfe1 Bb7 14. Rad1 Rc8 15. Bb3 Nf6 16. d5 exd5 17. exd5 Qd6 18. Nd4 Rfe8 19. Nf5 Qf8 20. Qg5 Kh8 21. d6 Ne4 22.
Qf4 Nc5 23. Ne7 Rcd8 24. Bxf7 Ne6 25. Ng6+ 1-0

[Event "Late-Titled-Tuesday-Blitz-May-14-2024"]
[Site "Chess.com"]
[Date "2024.05.14"]
[Round "3"]
[White "Mikhail_Bryakin"]
[Black "Supelyel"]
[Result "1-0"]
[WhiteElo "2841"]
[BlackElo "2426"]
[TimeControl "180+1"]
[EndTime "14:27:08 PDT"]
[Termination "Mikhail_Bryakin won by resignation"]

1. e4 d6 2. Ne2 Nf6 3. Nbc3 e5 4. d3 Be7 5. g3 O-O 6. Bg2 Nbd7 7. O-O c6 8. h3 b5 9. f4 Bb7 10. Be3 b4 11. Na4 Qa5 12. b3 d5 13. fxe5 Nxe5 14.
d4 Ng6 15. e5 Ne4 16. Kh2 Rad8 17. Nf4 c5 18. Qh5 cxd4 19. Bxd4 Rc8 20. Rac1 Bc6 21. e6 Nxf4 22. exf7+ Rxf7 23. Rxf4 Rxf4 24. gxf4 Nf6 25. Qe5 Re8 26. Qe6+ Kh8 27. Qxc6 Qd8 28. Re1 Rf8 29. Nc5 Bd6 30. Ne6 Qe7 31. Bxd5 Nxd5 32. Qxd5 Bb8 33. Bxg7+ Qxg7 34. Nxg7 Bxf4+ 35. Kg2 Kxg7 36. Re7+ 1-0

[Event "Late-Titled-Tuesday-Blitz-May-14-2024"]
[Site "Chess.com"]
[Date "2024.05.14"]
[Round "3"]
[White "PNEPaul"]
[Black "mouseslips_are_the_best"]
[Result "0-1"]
[WhiteElo "1921"]
[BlackElo "2365"]
[TimeControl "180+1"]
[EndTime "14:27:10 PDT"]
[Termination "mouseslips_are_the_best won by resignation"]

1. e4 e6 2. d4 d5 3. e5 c5 4. Qg4 cxd4 5. Nf3 Nc6 6. Bd3 Nge7 7. O-O Ng6 8. Qg3 Be7 9. a3 O-O 10. c3 dxc3 11. Nxc3 a6 12. Re1 Qc7 13. h4 f6 14.
Bxg6 hxg6 15. Qxg6 Nxe5 16. Nxe5 fxe5 17. Bh6 Bxh4 18. Re2 Qf7 19. Qxf7+ Rxf7 20. Bd2 Bf6 21. Na4 b5 22. Nb6 Rb8 23. Nxc8 Rxc8 24. Bb4 e4 25. Rd1 Rfc7 26. g3 Rc2 27. Rxc2 Rxc2 0-1

[Event "Late-Titled-Tuesday-Blitz-May-14-2024"]
[Site "Chess.com"]
[Date "2024.05.14"]
[Round "3"]
[White "Rodalquilar"]
[Black "DishonorOnYourCow"]
[Result "1-0"]
[WhiteElo "2854"]
[BlackElo "2531"]
[TimeControl "180+1"]
[EndTime "14:27:13 PDT"]
[Termination "Rodalquilar won by resignation"]

1. d4 Nf6 2. Nf3 g6 3. Bf4 Bg7 4. e3 O-O 5. Be2 d5 6. O-O c5 7. c3 b6 8. Nbd2 Bb7 9. Qb3 Nc6 10. dxc5 Na5 11. Qa3 Nd7 12. b4 Nc4 13. Nxc4 dxc4 14. Bxc4 Bxf3 15. gxf3 e5 16. Bg3 bxc5 17. Rfd1 Qe7 18.
Bb5 cxb4 19. cxb4 Nf6 20. Bc6 Rab8 21. Qa5 Nh5 22. Rab1 Rb6 23. b5 Rfb8 24. Rd7 Qe6 25. Qxa7 Nxg3 26. hxg3 Qf5 27. Be4 Qe6 28. Bd5 Qf6 29.
Rxf7 1-0

[Event "Late-Titled-Tuesday-Blitz-May-14-2024"]
[Site "Chess.com"]
[Date "2024.05.14"]
[Round "3"]
[White "Arimin1329"]
[Black "protectiago"]
[Result "1-0"]
[WhiteElo "2379"]
[BlackElo "2065"]
[TimeControl "180+1"]
[EndTime "14:27:13 PDT"]
[Termination "Arimin1329 won by resignation"]

1. Nf3 c5 2. e3 Nc6 3. b3 Nf6 4. Bb2 e6 5. d4 d5 6. Nbd2 cxd4 7.
Nxd4 Be7 8. Be2 O-O 9. O-O a6 10. c4 Nxd4 11. Bxd4 dxc4 12. Nxc4 b5 13. Bf3 Nd5 14. Nb6 Nxb6 15. Bxb6 Qxd1 16. Rfxd1 Rb8 17.
Bc7 Bb7 18. Bxb8 Bxf3 19. Bd6 Bxd6 20. Rxd6 Bb7 21. Rad1 h5 22. Rd8 Bd5 23. Rxf8+ Kxf8 24. Rc1 a5 25. f3 a4 26. bxa4 bxa4 27. a3 Ke7 28. Rc5 g6 29. Ra5 Bb3 30. e4 Kd6 31.
Kf2 Kc6 32. Ra7 e5 33. Ke3 Kb5 34. Kd3 Bc4+ 35. Kc3 Bf1 36. g3 Bg2 37. Rxf7 1-0

[Event "Late-Titled-Tuesday-Blitz-May-14-2024"]
[Site "Chess.com"]
[Date "2024.05.14"]
[Round "3"]
[White "cukus"]
[Black "OPQRC"]
[Result "1-0"]
[WhiteElo "2353"]
[BlackElo "2623"]
[TimeControl "180+1"]
[EndTime "14:27:14 PDT"]
[Termination "cukus won by resignation"]

1. e4 c6 2. d4 g6 3. Nc3 Bg7 4.
f4 d5 5. e5 Nh6 6. Nf3 O-O 7. Be3 f6 8. Qd2 b5 9. O-O-O a5 10.
Kb1 a4 11. Bd3 Nd7 12. h3 Nb6 13. g4 Nc4 14. Bxc4 bxc4 15. f5 Nf7 16. fxg6 hxg6 17. Nh4 Kh7 18. g5 f5 19. Ne2 Qb6 20. Nxg6 Kxg6 21. Nf4+ Kh7 22. g6+ Kg8 23. gxf7+ Kxf7 24. Qg2 Rb8 25. Bc1 c5 26. e6+ Ke8 27. Qxg7 c3 28.
Nxd5 Qxe6 29. Nc7+ 1-0

[Event "Late-Titled-Tuesday-Blitz-May-14-2024"]
[Site "Chess.com"]
[Date "2024.05.14"]
[Round "3"]
[White "ShahMatKanal"]
[Black "crazycheesecake"]
[Result "1-0"]
[WhiteElo "2399"]
[BlackElo "2155"]
[TimeControl "180+1"]
[EndTime "14:27:14 PDT"]
[Termination "ShahMatKanal won by checkmate"]

1. e4 c5 2. Bc4 e6 3. Nf3 Nc6 4.
O-O d6 5. d4 cxd4 6. c3 dxc3 7.
Nxc3 a6 8. Bf4 Nf6 9. Qe2 Be7 10. Rfd1 Qc7 11. Rac1 Qb8 12. e5 dxe5 13. Nxe5 Nxe5 14.
Bxe5 Qa7 15. Nb5 axb5 16. Bxb5+ Kf8 17. Qc4 g6 18. Qh4 Kg7 19. Rc7 Bd8 20. Rxd8 Rxd8 21.
Qxf6+ Kh6 22. Qh4# 1-0

[Event "Late-Titled-Tuesday-Blitz-May-14-2024"]
[Site "Chess.com"]
[Date "2024.05.14"]
[Round "3"]
[White "WCM-Mexicana"]
[Black "becemix"]
[Result "0-1"]
[WhiteElo "2366"]
[BlackElo "2600"]
[TimeControl "180+1"]
[EndTime "14:27:20 PDT"]
[Termination "becemix won by resignation"]

1. Nf3 d5 2. g3 Bg4 3. Bg2 Nd7 4. O-O e5 5. d3 Ngf6 6. c4 c6 7. a3 Be7 8. b4 O-O 9. Bb2 d4 10. Nbd2 h6 11. h3 Be6 12. e3 dxe3 13. fxe3 e4 14. Nd4 exd3 15. Nxe6 fxe6 16. Qb3 Qc7 17. g4 Ne5 18. c5 Nd5 19. e4 Nf4 20. Rxf4 Rxf4 21. Qxe6+ Nf7 22. Nf3 Re8 23. Be5 Qxe5 24. Qxf7+ Rxf7 25.
Nxe5 Bxc5+ 0-1

[Event "Late-Titled-Tuesday-Blitz-May-14-2024"]
[Site "Chess.com"]
[Date "2024.05.14"]
[Round "3"]
[White "KingCyber19"]
[Black "Mbneu"]
[Result "0-1"]
[WhiteElo "2542"]
[BlackElo "2260"]
[TimeControl "180+1"]
[EndTime "14:27:21 PDT"]
[Termination "Mbneu won by resignation"]

1. d4 Nf6 2. c4 c5 3. d5 e6 4. Nc3 exd5 5. cxd5 d6 6. e4 g6 7. Bb5+ Bd7 8. a4 a6 9. Bd3 Bg7 10. f4 Ng4 11. Nf3 Bd4 12. Nxd4 cxd4 13. Ne2 Qh4+ 14. g3 Qh3 15. Nxd4 Nxh2 16. Qe2 Qxg3+ 17. Qf2 Qxd3 18. Rxh2 Qxe4+ 19. Be3 Bg4 20. Rc1 O-O 21. Rc3 Re8 22. f5 Qxd4 0-1

[Event "Late-Titled-Tuesday-Blitz-May-14-2024"]
[Site "Chess.com"]
[Date "2024.05.14"]
[Round "3"]
[White "AGW2016"]
[Black "MyDream003"]
[Result "0-1"]
[WhiteElo "2530"]
[BlackElo "2844"]
[TimeControl "180+1"]
[EndTime "14:27:22 PDT"]
[Termination "MyDream003 won by resignation"]

1. d4 Nf6 2. Nc3 d5 3. Bf4 a6 4. e3 c5 5. dxc5 e6 6. Na4 Bxc5 7. Nxc5 Qa5+ 8. c3 Qxc5 9. Nf3 Nc6 10. Be2 Qe7 11. Ne5 Bd7 12. O-O O-O 13. Rc1 Rfd8 14. h3 Be8 15. Qb3 Ne4 16. Rfd1 h6 17. Nxc6 Bxc6 18.
Bf3 Nc5 19. Qa3 Qf8 20. c4 dxc4 21. Bxc6 bxc6 22. Rxd8 Rxd8 23. Rxc4 Nd3 24. Qxf8+ Kxf8 25. Rxc6 e5 26. Bg3 a5 27. Ra6 Rd5 28. b3 f6 29.
Ra7 Rc5 30. f3 Nb4 31. Be1 Rc1 32. Rxa5 Rxe1+ 33. Kf2 Nd3+ 34. Kg3 Re2 35. f4 e4 36.
Ra4 f5 37. Ra5 g6 38. Ra6 Rxe3+ 0-1

[Event "Late-Titled-Tuesday-Blitz-May-14-2024"]
[Site "Chess.com"]
[Date "2024.05.14"]
[Round "3"]
[White "SchmakAttack"]
[Black "Sanan_Sjugirov"]
[Result "0-1"]
[WhiteElo "2781"]
[BlackElo "3046"]
[TimeControl "180+1"]
[EndTime "14:27:24 PDT"]
[Termination "Sanan_Sjugirov won by resignation"]

1. Nf3 Nf6 2. c4 g6 3. g3 Bg7 4. Bg2 O-O 5. O-O d6 6. d4 Nbd7 7. Nc3 e5 8. h3 Re8 9. Qc2 c6 10.
e4 exd4 11. Nxd4 Nc5 12. Be3 Qe7 13. f3 d5 14. cxd5 cxd5 15. Rae1 dxe4 16. fxe4 Nfxe4 17. Bf2 Bxd4 18. Bxd4 Bf5 19. Qxe4 Nxe4 0-1

[Event "Late-Titled-Tuesday-Blitz-May-14-2024"]
[Site "Chess.com"]
[Date "2024.05.14"]
[Round "3"]
[White "Agibileg"]
[Black "djano"]
[Result "1-0"]
[WhiteElo "2868"]
[BlackElo "2533"]
[TimeControl "180+1"]
[EndTime "14:27:30 PDT"]
[Termination "Agibileg won by checkmate"]

1. d4 Nf6 2. c4 g6 3. Nc3 Bg7 4. e4 d6 5. Be2 O-O 6. Nf3 c5 7. d5 e6 8. O-O Re8 9. Nd2 e5 10. a3 Na6 11. Rb1 Nc7 12. b4 b6 13. bxc5 bxc5 14.
Qa4 Nh5 15. Bxh5 gxh5 16. Qa5 f5 17. exf5 Bxf5 18. Nde4 Qd7 19. Rb7 Re7 20. Bg5 Rf7 21.
f3 a6 22. Rfb1 h6 23. Bh4 Rc8 24. Rb8 Rff8 25. Rxc8 Rxc8 26. Rb7 Kh8 27. Qb6 Bxe4 28. Nxe4 Qa4 29. h3 Ne8 30. Kh2 Qxc4 31. Rb8 Rxb8 32.
Qxb8 Qxd5 33. Qxe8+ Kh7 34. Nf6+ Bxf6 35. Bxf6 Qd2 36.
Qf7# 1-0

[Event "Late-Titled-Tuesday-Blitz-May-14-2024"]
[Site "Chess.com"]
[Date "2024.05.14"]
[Round "3"]
[White "Oleksandr_Bortnyk"]
[Black "Abund"]
[Result "1-0"]
[WhiteElo "3053"]
[BlackElo "2782"]
[TimeControl "180+1"]
[EndTime "14:27:33 PDT"]
[Termination "Oleksandr_Bortnyk won by resignation"]

1. e4 c6 2. d4 d5 3. exd5 cxd5 4. c3 Nc6 5. Bd3 Nf6 6. Bf4 Bg4 7. Qb3 Qd7 8. Nd2 e6 9. h3 Bh5 10. Ngf3 Bd6 11. Ne5 Qc7 12. O-O Nd7 13. Rfe1 O-O 14.
Nxd7 Bxf4 15. Nxf8 Bxd2 16. Nxh7 Bg6 17. Bxg6 fxg6 18.
Rxe6 Kxh7 19. Qc2 Bh6 20. Qxg6+ Kh8 21. Rae1 Rf8 22. Re8 1-0

[Event "Late-Titled-Tuesday-Blitz-May-14-2024"]
[Site "Chess.com"]
[Date "2024.05.14"]
[Round "3"]
[White "DeArron_Fox"]
[Black "emeli_chess"]
[Result "1-0"]
[WhiteElo "2550"]
[BlackElo "2419"]
[TimeControl "180+1"]
[EndTime "14:27:35 PDT"]
[Termination "DeArron_Fox won by resignation"]

1. d4 Nf6 2. c4 e6 3. Nf3 d5 4. Nc3 Bb4 5. Qa4+ Nc6 6. e3 O-O 7. Qc2 Re8 8. Bd2 e5 9. dxe5 Nxe5 10. cxd5 Nxd5 11. Nxd5 Qxd5 12. Bxb4 Nxf3+ 13. gxf3 Qxf3 14. Rg1 Bf5 15. Be2 Rxe3 16. fxe3 Qxe3 17. Qc5 Qe4 18. Bc3 Bg6 19. Qd4 1-0

[Event "Late-Titled-Tuesday-Blitz-May-14-2024"]
[Site "Chess.com"]
[Date "2024.05.14"]
[Round "3"]
[White "Aygehovit1992"]
[Black "N_Mullodzhanov"]
[Result "1-0"]
[WhiteElo "2855"]
[BlackElo "2598"]
[TimeControl "180+1"]
[EndTime "14:27:36 PDT"]
[Termination "Aygehovit1992 won by checkmate"]

1. e4 c6 2. d4 d5 3. e5 Bf5 4. Nf3 e6 5. Be2 c5 6. Be3 Qb6 7. Nc3 Nc6 8. Na4 Qa5+ 9. c3 c4 10. O-O h6 11. b4 Qd8 12. g3 Nge7 13. Nc5 b6 14. Nb7 Qc7 15. Nd6+ Kd7 16. Nxf7 Rg8 17.
Nh4 Bh3 18. Re1 g5 19. Ng2 Nf5 20. Bg4 Bxg4 21. Qxg4 Kc8 22. Qh5 Rg7 23. Nxh6 Rh7 24.
Qe8+ Kb7 25. Qxe6 Nxe3 26. Nxe3 Rxh6 27. Qxd5 Qh7 28. b5 Rxh2 29. Qxc6+ Kb8 30. Ng4 Rh3 31.
Nf6 Qc7 32. Nd7+ Kc8 33. Qxa8+ Kxd7 34. Qxf8 Ke6 35. d5+ Kxd5 36. Rad1+ Ke6 37. Qf6# 1-0

[Event "Late-Titled-Tuesday-Blitz-May-14-2024"]
[Site "Chess.com"]
[Date "2024.05.14"]
[Round "3"]
[White "zajka-molotok"]
[Black "LUISMIGUELOV"]
[Result "1-0"]
[WhiteElo "2558"]
[BlackElo "2235"]
[TimeControl "180+1"]
[EndTime "14:27:38 PDT"]
[Termination "zajka-molotok won on time"]

1. b3 e5 2. Bb2 f6 3. e3 a5 4. Nf3 a4 5. bxa4 Rxa4 6. d4 exd4 7. Nxd4 Ra8 8. c4 Bb4+ 9. Nc3 Ne7 10. Bd3 Nbc6 11.
O-O Nxd4 12. exd4 Ba3 13. Bxa3 Rxa3 14. Nb5 Ra8 15. d5 d6 16. Re1 O-O 17. Qh5 g6 18.
Qh6 Nf5 19. Qf4 Bd7 20. h4 Bxb5 21. Bxf5 Bd7 22. Be6+ Bxe6 23. Rxe6 Rf7 24. Rae1 Kg7 25. h5 g5 26. Qf5 Rxa2 27. f4 c6 28. fxg5 fxg5 29. h6+ Kg8 30. Re8+ 1-0

[Event "Late-Titled-Tuesday-Blitz-May-14-2024"]
[Site "Chess.com"]
[Date "2024.05.14"]
[Round "3"]
[White "Redzishchess"]
[Black "Ditman2007"]
[Result "0-1"]
[WhiteElo "2502"]
[BlackElo "2699"]
[TimeControl "180+1"]
[EndTime "14:27:39 PDT"]
[Termination "Ditman2007 won by checkmate"]

1. e4 e6 2. d4 d5 3. exd5 exd5 4.
Nf3 Nc6 5. c3 Bd6 6. Bd3 Nge7 7.
O-O Bg4 8. h3 Bh5 9. Bg5 Qd7 10.
Nbd2 f6 11. Bh4 g5 12. Bg3 O-O-O 13. Qa4 Bxg3 14. fxg3 Bg6 15. Bb5 a6 16. Bxc6 Nxc6 17. b4 h5 18. b5 Na7 19. c4 dxc4 20. Nxc4 Nxb5 21. Rac1 Kb8 22. Qb4 Nxd4 23. Nxd4 Qxd4+ 24. Kh2 h4 25. gxh4 gxh4 26. Rfd1 Qf4+ 27. Kh1 Be4 28. Rxd8+ Rxd8 29. Qe7 Bxg2+ 30. Kxg2 Rg8+ 31. Kh1 Qf3+ 32. Kh2 Qg2# 0-1

[Event "Late-Titled-Tuesday-Blitz-May-14-2024"]
[Site "Chess.com"]
[Date "2024.05.14"]
[Round "3"]
[White "chessisveryfun1264"]
[Black "tarno17"]
[Result "0-1"]
[WhiteElo "2540"]
[BlackElo "2224"]
[TimeControl "180+1"]
[EndTime "14:27:39 PDT"]
[Termination "tarno17 won by checkmate"]

1. e4 c5 2. b4 d5 3. e5 Nc6 4. Nf3 Bg4 5. bxc5 e6 6. d4 Nge7 7. c3 Nf5 8. Qb3 Rb8 9. Na3 Be7 10. Be2 O-O 11. Nb5 Qa5 12. Bd2 a6 13. Nd6 Qc7 14.
O-O f6 15. Nxf5 Bxf5 16. exf6 Rxf6 17. c4 Be4 18. cxd5 exd5 19. Ng5 Rh6 20. h3 Bxg5 21.
Bxg5 Rg6 22. f4 Nxd4 23. Qe3 Nxe2+ 24. Qxe2 h6 25. Bh4 Rxg2+ 26. Qxg2 Bxg2 27. Kxg2 Re8 28. Bf2 Qxf4 29. Rae1 Qg5+ 30. Kh2 Rxe1 31. Rxe1 Qf4+ 32. Kg2 Kh7 33. Re3 d4 34. Rg3 Qe4+ 35. Kf1 d3 36.
Be3 Qc4 37. Ke1 Qc2 38. h4 Qe2# 0-1

[Event "Late-Titled-Tuesday-Blitz-May-14-2024"]
[Site "Chess.com"]
[Date "2024.05.14"]
[Round "3"]
[White "amylazy"]
[Black "LeninGuerra"]
[Result "0-1"]
[WhiteElo "2475"]
[BlackElo "2671"]
[TimeControl "180+1"]
[EndTime "14:27:40 PDT"]
[Termination "LeninGuerra won by resignation"]

1. d4 Nf6 2. Nf3 c5 3. d5 d6 4. Nc3 g6 5. e4 Bg7 6. Bb5+ Nbd7 7. a4 Kf8 8. O-O h5 9. Bf4 h4 10. h3 Nh5 11. Bh2 Ne5 12. Nxe5 dxe5 13. Be2 Nf6 14. a5 Ne8 15. Nb1 g5 16. Nd2 Nd6 17. Nb3 Qc7 18.
Nd2 Bd7 19. c4 Rh6 20. Bg4 Qc8 21. Bxd7 Qxd7 22. Qe2 Kg8 23. Qe3 Rg6 24. Qxc5 g4 25.
Kh1 gxh3 26. Rg1 hxg2+ 27. Rxg2 Rxg2 28. Kxg2 Qg4+ 29. Kh1 Nxe4 30. Nxe4 Qxe4+ 31. Kg1 h3 32. Kf1 Qg2+ 33. Ke2 Qxh2 34. Qxe7 Qf4 35. Qxb7 Qxc4+ 36. Kd2 Rd8 0-1

[Event "Late-Titled-Tuesday-Blitz-May-14-2024"]
[Site "Chess.com"]
[Date "2024.05.14"]
[Round "3"]
[White "lachesisQ"]
[Black "XDPS"]
[Result "1-0"]
[WhiteElo "3118"]
[BlackElo "2806"]
[TimeControl "180+1"]
[EndTime "14:27:41 PDT"]
[Termination "lachesisQ won by resignation"]

1. e4 e5 2. Nf3 Nc6 3. Bb5 a6 4. Ba4 Nf6 5. O-O d6 6. Bxc6+ bxc6 7. d4 exd4 8. Nxd4 c5 9. Nc6 Qd7 10. Na5 Qa4 11. Qe1 Be7 12. c4 Be6 13. Bd2 O-O 14. Nc3 Qe8 15. f4 Rb8 16. b3 Bd8 17. Rf3 c6 18. Na4 Bc7 19. Bc3 Bd7 20. Rg3 Nh5 21. Rf3 f5 22. e5 dxe5 23. Bxe5 Bxe5 24. Qxe5 Qxe5 25. fxe5 f4 26. Nxc5 Bg4 27. Rf2 Rbe8 28. Nxc6 Rc8 29. Ne7+ 1-0

[Event "Late-Titled-Tuesday-Blitz-May-14-2024"]
[Site "Chess.com"]
[Date "2024.05.14"]
[Round "3"]
[White "FaustinoOro"]
[Black "Incognito_Knight"]
[Result "1-0"]
[WhiteElo "2928"]
[BlackElo "2731"]
[TimeControl "180+1"]
[EndTime "14:27:46 PDT"]
[Termination "FaustinoOro won on time"]

1. e4 c5 2. Nf3 e6 3. d4 cxd4 4. Nxd4 a6 5. c4 Nf6 6. Nc3 Qc7 7. a3 b6 8. Be3 Bb7 9. f3 Be7 10. Be2 O-O 11. O-O d6 12. Rc1 Nbd7 13. b4 Rac8 14.
Qb3 Rfe8 15. Rfd1 Qb8 16. Bf1 Bd8 17. Bf2 Bc7 18. Kh1 g5 19. Qb2 Kh8 20. Nce2 Rg8 21. Ng3 Rg6 22. Nh5 Ne5 23. Nxf6 Rxf6 24. Be3 Rg6 25. c5 bxc5 26. bxc5 dxc5 27. Rxc5 Bd6 28. Rxc8+ Qxc8 29. Nf5 exf5 30. Rxd6 f6 31. exf5 Rh6 32.
Bxg5 Nxf3 33. Bxh6 1-0

[Event "Late-Titled-Tuesday-Blitz-May-14-2024"]
[Site "Chess.com"]
[Date "2024.05.14"]
[Round "3"]
[White "Arystanner"]
[Black "hikaruchija"]
[Result "1-0"]
[WhiteElo "2843"]
[BlackElo "2582"]
[TimeControl "180+1"]
[EndTime "14:27:46 PDT"]
[Termination "Arystanner won by resignation"]

1. d4 g6 2. c4 Bg7 3. Nc3 d6 4. e4 e5 5. Nge2 Nc6 6. Be3 exd4 7. Nxd4 Nf6 8. Be2 O-O 9. O-O Re8 10. f3 Bd7 11. Qd2 Qe7 12. Rfd1 Qf8 13. Bf1 Rac8 14. Rac1 Ne5 15. b3 c6 16. Nde2 d5 17. cxd5 cxd5 18. Nxd5 Nxd5 19. Qxd5 Bc6 20. Qc5 a6 21. Qxf8+ Bxf8 22. Nd4 Bd7 23. Bf2 Rxc1 24. Rxc1 Rc8 25. Rxc8 Bxc8 26. Be3 Bc5 27. Kf2 Bd7 28. Nc2 Bd6 29.
h3 h5 30. f4 Nc6 31. e5 Be7 32. Bd3 Be6 33. Nd4 Nxd4 34. Bxd4 Bd5 35. g3 h4 36. g4 Kf8 37. Bf1 b5 38. Bg2 Be6 39. Bb6 Bc8 40. Bc6 Ba3 41. Kf3 Ke7 42. Be4 Bb2 43.
Bf2 a5 44. Bxh4+ Kd7 45. Bd5 Ke8 46. Bc6+ Bd7 47. Bxd7+ Kxd7 48. Ke4 Kc6 49. f5 gxf5+ 50. gxf5 Kc5 51. Be7+ Kc6 52. h4 Bc1 53. Bg5 Bb2 54.
h5 Kd7 55. h6 1-0

[Event "Late-Titled-Tuesday-Blitz-May-14-2024"]
[Site "Chess.com"]
[Date "2024.05.14"]
[Round "3"]
[White "HajiyevKanan"]
[Black "Rutricks"]
[Result "0-1"]
[WhiteElo "2456"]
[BlackElo "2653"]
[TimeControl "180+1"]
[EndTime "14:27:48 PDT"]
[Termination "Rutricks won by resignation"]

1. d4 a6 2. Nf3 h6 3. e4 d6 4.
a4 g6 5. Bc4 e6 6. O-O Bg7 7. c3 b6 8. Bf4 Bb7 9. Re1 Nd7 10. Qe2 Qe7 11. Bg3 e5 12. d5 f5 13.
exf5 gxf5 14. Nh4 Qf7 15. f4 e4 16. Nd2 Ne7 17. Nf1 Bxd5 18. Bxa6 Nc5 19. Bb5+ c6 20. c4 Be6 21. b4 Nd3 22. Red1 cxb5 23. Rab1 bxc4 24. a5 b5 25. Ne3 d5 26. Kh1 Nc6 27. Nc2 d4 28. Ne1 Nxe1 29. Bxe1 d3 30. Qf2 Bd4 31. Qg3 Rg8 32. Qh3 c3 33. Rxd3 exd3 34. Qxd3 Bc4 35. Qxf5 Qxf5 36. Nxf5 Bd3 37.
Nxd4 Nxd4 38. Rc1 Ne2 0-1

[Event "Late-Titled-Tuesday-Blitz-May-14-2024"]
[Site "Chess.com"]
[Date "2024.05.14"]
[Round "3"]
[White "KChor05"]
[Black "bobo_panda"]
[Result "0-1"]
[WhiteElo "2603"]
[BlackElo "2442"]
[TimeControl "180+1"]
[EndTime "14:27:49 PDT"]
[Termination "bobo_panda won by checkmate"]

1. e4 c5 2. Nf3 d6 3. d4 cxd4 4. Nxd4 Nf6 5. Nc3 a6 6. Be2 e5 7.
Nb3 Be7 8. Be3 O-O 9. O-O Nc6 10. a4 Be6 11. Bf3 Nb4 12. Nd5 Nbxd5 13. exd5 Bf5 14. Qd2 Rc8 15. Rfc1 Bg6 16. Na5 Qd7 17. c4 Ne4 18.
Qb4 Rc7 19. Bb6 Rcc8 20. Be3 Rc7 21. Qa3 f5 22. b4 f4 23. Bb6 Rcc8 24. Rd1 Ng5 25.
c5 Nxf3+ 26. Qxf3 e4 27. Qb3 f3 28. Kh1 fxg2+ 29. Kg1 Bh4 30. Rd2 Qf5 31. c6 Bf6 32.
Re1 Be5 33. cxb7 Rc3 34. Nc6 Bxh2+ 35. Kxh2 Qh3+ 36. Kg1 Qh1# 0-1

[Event "Late-Titled-Tuesday-Blitz-May-14-2024"]
[Site "Chess.com"]
[Date "2024.05.14"]
[Round "3"]
[White "hawes33"]
[Black "Mikhail_Golubev"]
[Result "0-1"]
[WhiteElo "2375"]
[BlackElo "2606"]
[TimeControl "180+1"]
[EndTime "14:27:49 PDT"]
[Termination "Mikhail_Golubev won by resignation"]

1. e4 c5 2. Nc3 a6 3. g3 Nc6 4. Bg2 g6 5. d3 Bg7 6. Be3 d6 7. Qd2 Rb8 8. Nge2 b5 9. Nd1 Nf6 10. h3 O-O 11. Bh6 d5 12. Bxg7 Kxg7 13. exd5 Nxd5 14. Nf4 Nxf4 15. Qxf4 e5 16. Qd2 Bb7 17. O-O Nd4 18. f4 e4 19. c3 Nf5 20. g4 Nh4 21.
f5 Nxg2 22. Qxg2 exd3 23. f6+ Kh8 24. Qd2 Qd5 25. Ne3 Qh1+ 26. Kf2 Qxh3 27. Nf5 gxf5 28. Rh1 Bxh1 29. Rxh1 Qxh1 30. Qg5 Rg8 31. Qg7+ Rxg7 32. fxg7+ 0-1

[Event "Late-Titled-Tuesday-Blitz-May-14-2024"]
[Site "Chess.com"]
[Date "2024.05.14"]
[Round "3"]
[White "BilodeauA"]
[Black "zimmm36"]
[Result "1-0"]
[WhiteElo "2904"]
[BlackElo "2714"]
[TimeControl "180+1"]
[EndTime "14:27:52 PDT"]
[Termination "BilodeauA won by resignation"]

1. e4 c5 2. Nf3 e6 3. Nc3 Nc6 4.
h3 a6 5. d4 cxd4 6. Nxd4 Nf6 7. Nxc6 bxc6 8. e5 Nd5 9. Ne4 Bb7 10. c4 Nb4 11. c5 Qb8 12. f4 a5 13. a3 Nd5 14. Bd3 Ba6 15. O-O Bxd3 16. Qxd3 Be7 17. Kh1 O-O 18. Bd2 a4 19. Bc3 Qb3 20. Rac1 Rab8 21. Rf2 Qb5 22. Qd4 Qa6 23. Kh2 f5 24. exf6 gxf6 25. Rf3 Kh8 26. Rc2 Rf7 27. Qd1 Rg8 28. Bd4 Rgg7 29. g4 Kg8 30. Qe2 Kf8 31. Qxa6 1-0

[Event "Late-Titled-Tuesday-Blitz-May-14-2024"]
[Site "Chess.com"]
[Date "2024.05.14"]
[Round "3"]
[White "MuhittinBuker"]
[Black "1g60-1"]
[Result "1-0"]
[WhiteElo "2223"]
[BlackElo "2409"]
[TimeControl "180+1"]
[EndTime "14:27:53 PDT"]
[Termination "MuhittinBuker won by checkmate"]

1. d4 e6 2. c4 f5 3. Nc3 Nf6 4.
g3 Be7 5. Bg2 O-O 6. Nf3 d6 7.
O-O Ne4 8. Qc2 Nxc3 9. Qxc3 a5 10. b3 Nc6 11. Bb2 Bf6 12. Qd2 e5 13. e3 Qe8 14. Rad1 Kh8 15. Qc1 Qh5 16. Rd2 f4 17.
dxe5 dxe5 18. e4 Bg4 19. Qc3 Be7 20. Rd5 Bb4 21. Qd3 Rad8 22. Nxe5 Nxe5 23. Bxe5 Rxd5 24.
Qxd5 c6 25. Qd4 f3 26. Bxg7+ Kg8 27. Bxf8 Bxf8 28. Bh1 Bc5 29. Qd8+ Kg7 30. Rd1 Bxf2+ 31. Kxf2 Qxh2+ 32. Ke3 Qe2+ 33. Kf4 f2 34. Qc7+ Kg6 35.
Rd6+ Kh5 36. Qxh7# 1-0